 Dungeon Crawl Stone Soup version 0.32-a0-643-ga006e7742e (webtiles) character file.

Game seed: 4955097796213773888

531 BubbleThief the Cudgeller (level 7, -1/61 HPs)
             Began as a Mountain Dwarf Cinder Acolyte on Mar 7, 2024.
             Was an Elder of Ignis.
             Slain by Edmund
             ... wielding a +2 flail of protection
              (6 damage)
             ... on level 5 of the Dungeon.
             The game lasted 00:05:23 (4158 turns).

BubbleThief the Cudgeller (MDCA)                    Turns: 4158, Time: 00:05:25

Health: -1/61      AC: 14    Str: 17 (19) XL:     7   Next: 3%
Magic:  0/8        EV: 10    Int: 11 (14) God:    Ignis [****..]
Gold:   181        SH:  0    Dex:  3 (5)  Spells: 6/8 levels left

rFire   + . .        a - -1 mace (flame)
rCold   . . .        (no shield)
rNeg    + . .        q - +1 ring mail {rN+}
rPois   .            (no helmet)
rElec   .            (no cloak)
rCorr   .            (no gloves)
SInv    .            m - +0 pair of boots
Will    .....        (no amulet) Stlth
                     (no ring)
HPRegen 0.30/turn    (no ring)
MPRegen 0.11/turn

%: no passive effects
@: fiery-armoured
A: runic magic, artefact enchanting
a: Renounce Religion, Fiery Armour, Foxfire Swarm, Rising Flame


You were on level 5 of the Dungeon.
You worshipped Ignis.
Ignis was greatly pleased with you.
You visited 1 branch of the dungeon, and saw 5 of its levels.

You collected 181 gold pieces.

Inventory:

Hand Weapons
 a - a -1 mace of flaming (weapon)
Armour
 m - a +0 pair of boots (worn)
 q - a +1 ring mail of positive energy (worn)
Wands
 n - a wand of iceblast (12)
Scrolls
 b - 2 scrolls of enchant armour {unknown}
 c - 10 scrolls of identify {unknown}
 l - a scroll of enchant weapon {unknown}
 o - a scroll of amnesia {unknown}
 p - a scroll of noise {unknown}
Potions
 d - a potion of degeneration
 e - 3 potions of curing {unknown}
 f - 2 potions of berserk rage {unknown}
 g - a potion of attraction {unknown}
 h - 3 potions of invisibility {unknown}
 i - 2 potions of heal wounds {unknown}
 j - a potion of enlightenment {unknown}
 k - a potion of brilliance {unknown}
 r - a potion of resistance {unknown}


   Skills:
 + Level 5.5 Fighting
 * Level 7.8 Maces & Flails
 + Level 2.2 Armour
 - Level 1.0 Spellcasting
 - Level 3.6 Fire Magic


You had 6 spell levels left.
You knew the following spells:

 Your Spells              Type           Power      Damage    Failure   Level
a - Scorch                Fire           16%        2d5       13%         2

Your spell library contained the following spells:

 Spells                   Type           Power      Damage    Failure   Level
 Ignite Poison            Fire/Alch      4%         N/A       87%         4
 Sticky Flame             Fire/Alch      4%         2d4       87%         4
 Ignition                 Fire           4%         3d4       100%        8


Dungeon Overview and Level Annotations

Branches:
Dungeon (5/15)
 Temple: D:4-7

Altars:
Cheibriados

Annotations:
D:5 Edmund


Innate Abilities, Weirdness & Mutations

Your spellcasting is much less encumbered by armour.
You can use scrolls of enchantment on lesser artefacts.


Message History

Edmund is lightly wounded.
Your magical contamination has completely faded away.
You hit Edmund. You burn Edmund.
Edmund is moderately wounded.
Edmund hits you with a +2 flail of protection.
You barely miss Edmund.
Edmund is moderately wounded.
Edmund hits you with a +2 flail of protection!
* * * LOW HITPOINT WARNING * * *
You hit Edmund but do no damage.
Edmund is moderately wounded.
Edmund hits you but does no damage.
Edmund is burned by your cloak of flames.
Edmund is moderately wounded.
You hit Edmund but do no damage.
Edmund is moderately wounded.
Edmund hits you with a +2 flail of protection!
* * * LOW HITPOINT WARNING * * *
Casting: Scorch (safe; 10% risk of failure)
Confirm with . or Enter, or press ? or * to list all spells.
Flames lash Edmund but do no damage.
Edmund hits you but does no damage.
Unknown command.
You barely miss Edmund.
Edmund is moderately wounded.
Edmund grinds his teeth, and then sighs.
Edmund misses you.
You hit Edmund but do no damage.
Edmund is moderately wounded.
Edmund hits you with a +2 flail of protection.
* * * LOW HITPOINT WARNING * * *
Edmund is burned by your cloak of flames.
Edmund is moderately wounded.
Okay, then.
It was a potion of degeneration.
There was something very wrong with that liquid.
You feel weakened.
You feel dopey.
You feel clumsy.
Edmund hits you with a +2 flail of protection.
You die...
Edmund says, "That'll show my brother!"
Ignis goes out, and joins you in death.

#...<.....#
###########
.############
...........<#
..###...#####...
........@@......
.####...##......
#...# .....
##### .... ...
.# #


You could see Edmund.

Vanquished Creatures
  An ogre (D:4)
  A phantom (D:4)
  A scorpion (D:4)
  A hound (D:4)
  A sleepcap (D:4)
  Natasha (thrice) (D:3)
  An iguana (D:4)
  An orc wizard (D:4)
  3 adders
  2 dart slugs
  3 ribbon worms (D:2)
  8 orcs
  10 endoplasms
  4 giant cockroaches
  8 goblins
  5 hobgoblins
  4 jackals
  5 kobolds
  4 quokkas
  6 ball pythons
  14 bats
  5 frilled lizards
  9 rats
100 creatures vanquished.

Notes
Turn   | Place    | Note
-------+----------+-------------------------------------------
     0 | D:1      | BubbleThief the Mountain Dwarf Cinder Acolyte began the
                  | quest for the Orb.
     0 | D:1      | Reached XP level 1. HP: 19/19 MP: 2/2
   164 | D:1      | Reached skill level 4 in Maces & Flails
   167 | D:1      | Reached XP level 2. HP: 26/26 MP: 3/3
  1126 | D:2      | Reached XP level 3. HP: 30/33 MP: 4/4
  1677 | D:2      | Reached skill level 5 in Maces & Flails
  2066 | D:3      | Found a faded altar of an unknown god.
  2117 | D:3      | Reached XP level 4. HP: 40/40 MP: 5/5
  2253 | D:3      | Found a snail-covered altar of Cheibriados.
  2289 | D:3      | Noticed Natasha
  2303 | D:3      | Killed Natasha
  2471 | D:3      | Noticed Natasha
  2484 | D:3      | Killed Natasha
  2485 | D:3      | Reached skill level 6 in Maces & Flails
  2539 | D:3      | Noticed Natasha
  2549 | D:3      | Killed Natasha
  2550 | D:3      | Reached XP level 5. HP: 20/47 MP: 6/6
  3413 | D:4      | Reached skill level 5 in Fighting
  3514 | D:4      | Noticed a phantom
  3523 | D:4      | Killed a phantom
  3524 | D:4      | Reached skill level 7 in Maces & Flails
  3524 | D:4      | Reached skill level 1 in Armour
  3524 | D:4      | Reached XP level 6. HP: 56/56 MP: 7/7
  3538 | D:4      | Learned a level 2 spell: Scorch
  4057 | D:5      | Entered Level 5 of the Dungeon
  4058 | D:5      | Noticed a two-headed ogre
  4070 | D:4      | Reached XP level 7. HP: 43/61 MP: 6/8
  4133 | D:5      | Noticed Edmund
  4158 | D:5      | Slain by Edmund

Illustrated notes

Levels and vault maps discovered:
D:1:      dpeg_arrival_round_a, layout_basic, st_stairs_10
D:2:      layout_basic
D:3:      layout_basic, cheibriados_altar_1, basic_ecumenical_altar,
          uniq_natasha
D:4:      layout_gridville, roderic_batcave, kennysheep_generic_room_11
D:5:      layout_basic, temple_pool_b, serial_corexii_hall,
          corexii_hall_statues_l, corexii_hall_statues_i, minmay_joined_circles,
          uniq_edmund

Skill      XL: |  1  2  3  4  5  6 |
---------------+-------------------+-----
Maces & Flails | 4 5 6 7 |  7.8
Fighting       | 4 5 |  5.5
Armour         | 1 2 |  2.2
Spellcasting   | |  1.0
Fire Magic     | |  3.6

Action                     |  1- 3 |  4- 6 |  7- 9 || total
---------------------------+-------+-------+-------++-------
  Melee: Mace              |   176 |   215 |    17 ||   408
   Cast: Scorch            |       |     4 |     3 ||     7
 Invoke: Fiery Armour      |       |     2 |     1 ||     3
  Evoke: Wand              |       |     2 |       ||     2
    Use: Potion            |       |       |     1 ||     1
 Armour: Chain mail        |   155 |   151 |       ||   306
         Ring mail         |       |    73 |    15 ||    88
  Dodge: Dodged            |    74 |   134 |     8 ||   216

Table legend: (Time is in decaauts)
 A = Elapsed time spent in this place.
 B = Non-inter-level travel time spent in this place.
 C = Inter-level travel time spent in this place.
 D = Time resting spent in this place.
 E = Time spent auto-exploring this place.
 F = Levels seen in this place.
 G = Mean time per level.
                   A        B        C        D        E       F      G
               +--------+--------+--------+--------+--------+-----+--------+
         Total |   4203 |   4071 |    132 |      0 |   3206 |   5 |  840.6 |
       Dungeon |   4203 |   4071 |    132 |      0 |   3206 |   5 |  840.6 |
               +--------+--------+--------+--------+--------+-----+--------+

Top non-repeatable levels by time:
     D:4: 1280 daAuts
     D:1: 1074 daAuts
     D:2: 920 daAuts
     D:3: 862 daAuts
     D:5: 66 daAuts
